 Dungeon Crawl Stone Soup version 0.24-a0-443-g80245de (webtiles) character file.

Game seed: 1692211602271607244

438 pikmin25 the Ruffian (level 6, -1/48 HPs)
             Began as a Draconian Transmuter on June 22, 2019.
             Slain by an ice beast (9 damage)
             ... on level 5 of the Dungeon.
             The game lasted 00:15:30 (4304 turns).

pikmin25 the Ruffian (Draconian Transmuter)         Turns: 4304, Time: 00:15:32

Health: -1/48      AC:  8    Str: 14    XL:     6   Next: 69%
Magic:  11/11      EV: 13    Int: 14    God:
Gold:   287        SH:  0    Dex: 11    Spells: 8/11 levels left

rFire    + . .     SeeInvis .     - Unarmed
rCold    x . .     Gourm    .   (no shield)
rNeg     . . .     Faith    .   (armour unavailable)
rPois    .         Spirit   .   l - +2 hat
rElec    .         Reflect  .   (no cloak)
rCorr    .         Harm     .   (no gloves)
MR       .....                  (boots currently unavailable)
Stlth    ++........             (no amulet)
HPRegen  0.16/turn              d - ring of fire
MPRegen  0.12/turn              (no ring)

@: appendage, slowed, very slow
A: unfitting armour, talons 3, cold-blooded, AC +6
a: End Transformation


You were on level 5 of the Dungeon.
You were not hungry.
You had grown temporary talons.
You visited 1 branch of the dungeon, and saw 5 of its levels.

You collected 287 gold pieces.

Inventory:

Missiles
 a - 48 arrows
 r - 48 bolts
 t - 6 poisoned darts (quivered)
Armour
 l - a +2 hat (worn)
Jewellery
 d - a ring of fire (left hand)
 q - a +5 ring of evasion
Wands
 k - a wand of enslavement (6)
 p - a wand of random effects (18)
Scrolls
 b - a scroll of enchant weapon
 e - a scroll of random uselessness
 f - a scroll of enchant armour
 g - 5 scrolls of remove curse
 o - a scroll of teleportation
Potions
 h - a potion of magic
Comestibles
 c - 9 rations
 j - 3 chunks of flesh


   Skills:
 + Level 1.7 Fighting
 + Level 3.0 Dodging
 + Level 1.1 Stealth
 + Level 5.3 Unarmed Combat
 + Level 3.3 Spellcasting
 + Level 3.4 Transmutations


You had 8 spell levels left.
You knew the following spells:

 Your Spells              Type           Power        Failure   Level  Hunger
a - Beastly Appendage     Tmut           ##....       4%          1    #......
b - Sticks to Snakes      Tmut           ##......     8%          2    ##.....

Your spell library contained the following spells:

 Spells                   Type           Power        Failure   Level  Hunger
 Spider Form              Tmut/Pois      #.........   30%         3    ###....
 Ice Form                 Ice/Tmut       #.......     71%         4    #####..
 Blade Hands              Tmut           ##........   80%         5    ######.


Dungeon Overview and Level Annotations

Branches:
Dungeon (5/15)
 Temple: D:4-7

Altars:
Ashenzari
Elyvilon
Fedhas
Gozag
Makhleb
Okawaru
Qazlal
Sif Muna
Uskayaw
Vehumet
Wu Jian
Xom


Innate Abilities, Weirdness & Mutations

Your plain brown scales are hard. (AC +6)
You cannot fit into any form of body armour.
You are cold-blooded and may be slowed by cold attacks.
You have claws for feet.


Message History

Your tail-slap misses the ice beast.
The ice beast is heavily wounded.
The ice beast hits you but does no damage.
You hit the ice beast.
The ice beast is severely wounded.
The ice beast hits you but does no damage.
You hit the ice beast but do no damage.
Your tail-slap misses the ice beast.
The ice beast is severely wounded.
The ice beast hits you but does no damage.
You hit the ice beast but do no damage.
The ice beast is severely wounded.
The ice beast hits you. The ice beast freezes you!
You feel a terrible chill!
* * * LOW HITPOINT WARNING * * *
You closely miss the ice beast. You punch the ice beast.
The ice beast is almost dead.
The ice beast hits you.
* * * LOW HITPOINT WARNING * * *
The ice beast freezes you!
You feel a terrible chill!
You feel yourself slow down.
You die...

#### # ###...#.. .........
#........ ##........
###......... #@Y.#.......
######### ######.####...#..
.....<..###................
.............############..
........###### . ........#
........# ........#
#########


You could see an ice beast.

Vanquished Creatures
  Menkaure (D:4)
  A scorpion (D:5)
  A crimson imp (D:3)
  A hound (D:2)
  4 worker ants (D:4)
  4 adders
  An adder skeleton (D:4)
  5 worms
  A dart slug (D:2)
  2 leopard geckos
  An orc (D:3)
  3 ball pythons
  11 bats
  3 giant cockroaches
  6 goblins
  11 hobgoblins
  7 jackals
  12 kobolds
  A quokka (D:3)
  6 frilled lizards
  A jackal skeleton (D:5)
  6 rats
  A butterfly (D:3)
90 creatures vanquished.

Vanquished Creatures (collateral kills)
  An orc (D:3)
  A ball python (D:4)
  A butterfly (D:3)
3 creatures vanquished.

Grand Total: 93 creatures vanquished

Notes
Turn   | Place    | Note
-------+----------+-------------------------------------------
     0 | D:1      | pikmin25 the Draconian Transmuter began the quest for the
                  | Orb.
     0 | D:1      | Reached XP level 1. HP: 16/16 MP: 3/3
   131 | D:1      | Reached XP level 2. HP: 17/23 MP: 3/5
   762 | D:2      | Found a burning altar of Makhleb.
   781 | D:2      | Reached XP level 3. HP: 22/28 MP: 6/6
   945 | D:2      | Reached XP level 4. HP: 25/35 MP: 7/7
   978 | D:2      | Reached skill level 4 in Unarmed Combat
  1670 | D:2      | Learned a level 2 spell: Sticks to Snakes
  1902 | D:3      | Found a transporter.
  1907 | D:3      | Found a transporter.
  1917 | D:3      | Found a stormy altar of Qazlal.
  1917 | D:3      | Found a blossoming altar of Fedhas.
  1918 | D:3      | Found a deep blue altar of Sif Muna.
  2022 | D:3      | Found a shimmering altar of Xom.
  2048 | D:3      | Found a white marble altar of Elyvilon.
  2135 | D:3      | Found an iron altar of Okawaru.
  2204 | D:3      | Found a shattered altar of Ashenzari.
  2458 | D:3      | Reached XP level 5. HP: 38/40 MP: 7/9
  3082 | D:4      | Noticed Menkaure
  3100 | D:4      | Killed Menkaure
  3100 | D:4      | Reached XP level 6. HP: 12/47 MP: 10/10
  3104 | D:4      | Reached skill level 5 in Unarmed Combat
  3759 | D:4      | Found an opulent altar of Gozag.
  3814 | D:4      | Reached skill level 1 in Stealth
  3842 | D:4      | Found a radiant altar of Vehumet.
  3903 | D:4      | Found an ornate altar of the Wu Jian Council.
  3903 | D:4      | Found a hide-covered altar of Uskayaw.
  4182 | D:5      | Entered Level 5 of the Dungeon
  4201 | D:5      | Noticed an ice beast
  4304 | D:5      | Slain by an ice beast

Levels and vault maps discovered:
D:1:      tarquinn_simple_flora_water_f, layout_rooms, solitary_fountain,
          st_stairs_12, minmay_cupped
D:2:      layout_basic, makhleb_blood_cavern_becter
D:3:      layout_basic, lemuel_round_altar, elyvilon_altar_4, xom_butterflies,
          gammafunk_temple_overflow_arena, nicolae_ashenzari_panopticon
D:4:      kennysheep_six_static_rooms, layout_rooms,
          nicolae_overflow_hidden_temple, gammafunk_temple_overflow_statue,
          first_ration, grunt_gozag_breadcrumbs, uniq_menkaure
D:5:      layout_rooms, uniq_pikel

Skill      XL: |  1  2  3  4  5  6 |
---------------+-------------------+-----
Dodging        | 2 3 |  3.0
Unarmed Combat | 4 5 |  5.3
Spellcasting   | 3 |  3.3
Transmutations | 3 |  3.4
Stealth        | 1 |  1.1
Fighting       | |  1.7

Action                   |  1- 3 |  4- 6 || total
-------------------------+-------+-------++-------
Melee: Unarmed           |    98 |   282 ||   380
       Tailslap          |     7 |    33 ||    40
       Headbutt          |     2 |     6 ||     8
       Kick              |     5 |     8 ||    13
       Punch             |       |     3 ||     3
 Cast: Beastly Appendage |    10 |    17 ||    27
       Sticks to Snakes  |       |    11 ||    11
Evoke: Wand              |       |     3 ||     3
  Use: Potion            |       |     7 ||     7
       Scroll            |       |     5 ||     5
 Stab: Sleeping          |       |     1 ||     1
  Eat: Chunk             |       |     9 ||     9
       Ration            |       |     1 ||     1
Armor: Skin              |    43 |    91 ||   134
Dodge: Dodged            |    83 |   178 ||   261

Table legend:
 A = Non-vault XP
 B = Vault XP
 C = Vault XP percentage of total XP
 D = Non-vault monster count
 E = Vault monster count
 F = Vault count percentage of total count
                 A         B        C        D         E       F
            +---------+---------+-------+---------+---------+-------
      Total |     337 |     290 |  46.3 |      76 |      15 |  16.5
            +---------+---------+-------+---------+---------+-------
        D:1 |      28 |       8 |  22.2 |      16 |       5 |  23.8
        D:2 |      69 |      40 |  36.7 |      21 |       1 |   4.5
        D:3 |      61 |      37 |  37.8 |      28 |       4 |  12.5
        D:4 |     106 |     205 |  65.9 |       9 |       5 |  35.7
        D:5 |      73 |       0 |   0.0 |       2 |       0 |   0.0
            +---------+---------+-------+---------+---------+-------
